Punishers vs Diablos

Created - March 6, 2020 at 22:11

Goals
1 2 3 T
Punishers 1 1 0 2
Diablos 0 3 0 3
Shots
1 2 3 T
Punishers 17 3 4 24
Diablos 13 14 4 31

1st period

1. Punishers , Zack Hamill 21 (Nikita Gusev 13, Slava Voynov 41) at 19:48

Penalties :
Keith Yandle (Pro) for High sticking (Minor) at 0:19

2nd period

2. Diablos , Nick Spaling 39 (Stuart Percy 1, Jordan Szwarz 34) at 1:34
3. Diablos , Sergey Tolchinsky 2 (Adrian Kempe 22, Jordan Szwarz 35) at 10:04
4. Punishers , Tyler Bertuzzi 18 (Radek Faksa 18, Madison Bowey 14) at 10:59
5. Diablos , Ty Rattie 7 (Adrian Kempe 23, Andrey Pedan 4) at 18:52

Penalties :
Jordan Szwarz (Don) for Tripping (Minor) at 1:41, Andreas Athanasiou (Pro) for Holding (Minor) at 11:24

3rd period

No Goal

Penalties :
Jordan Szwarz (Don) for Cross-checking (Minor) at 5:48, Jordan Szwarz (Don) for Roughing (Minor) at 9:04, Madison Bowey (Pro) for Roughing (Minor) at 14:29, David Pastrnak (Don) for Tripping (Minor) at 18:15

Goalie Stats

Louis Domingue (Pro), 28 saves from 31 shots - (0.903), L, 20-19-2, 58:52 minutes
Kristers Gudlevskis (Don), 22 saves from 24 shots - (0.917), W, 19-19-4, 60:00 minutes

Players Stats for Punishers

Player Name              G  A  P  +/- PIM S  H  SB GA TA FO     MP     PP MP  PK MP  
------------------------------------------------------------------------------------
Andreas Athanasiou       0  0  0   0  2   0  4  2  0  0  0/1    17:45   3:34   1:42 
Anton Blidh              0  0  0   0  0   0  0  0  0  0  0/0     1:26   0:05   0:14 
Austen Brassard          0  0  0   1  0   1  2  0  0  1  0/0    10:00   0:00   0:00 
Ben Betker               0  0  0  -1  0   1  1  2  0  1  0/0    13:43   0:07   1:29 
Brett Kulak              0  0  0  -1  0   1  4  0  0  1  0/0    25:41   3:35   3:06 
Carter Ashton            0  0  0   0  0   1  3  0  0  0  0/0    15:22   3:31   0:00 
Elias Lindholm           0  0  0   0  0   1  1  0  0  0  3/9    15:41   3:34   0:00 
John Quenneville         0  0  0  -1  0   0  0  0  0  1  1/4     8:59   0:00   0:00 
Keith Yandle             0  0  0   0  2   1  1  2  1  1  0/0    28:19   4:06   2:16 
Madison Bowey            0  1  1  -1  2   0  1  3  2  1  0/0    25:06   3:28   1:29 
Michael Joly             0  0  0  -1  0   1  0  0  0  0  0/0    10:01   0:02   0:00 
Miikka Salomaki          0  0  0  -1  0   1  3  0  1  0  1/2    17:34   4:05   1:53 
Nikita Gusev             0  1  1  -1  0   1  2  1  0  0  0/0     8:59   0:00   0:00 
Radek Faksa              0  1  1   0  0   3  0  0  1  0  4/10   13:11   0:02   0:08 
Robbie Earl              0  0  0  -1  0   5  1  0  1  2  1/2    22:31   4:05   3:37 
Slava Voynov             0  1  1   2  0   3  1  0  0  2  0/0    26:23   4:06   3:34 
Tyler Bertuzzi           1  0  1   1  0   3  4  0  0  0  1/1    10:47   0:00   0:42 
Zack Hamill              1  0  1  -1  0   1  1  0  2  0  11/22  22:32   4:05   3:38 

Players Stats for Diablos

Player Name              G  A  P  +/- PIM S  H  SB GA TA FO     MP     PP MP  PK MP  
------------------------------------------------------------------------------------
Adrian Kempe             0  2  2   2  0   2  1  0  0  0  3/6     8:35   0:00   0:00 
Alex Petrovic            0  0  0  -1  0   1  1  0  0  0  0/0    18:17   2:08   3:11 
Andrei Mironov           0  0  0   3  0   0  3  0  0  1  0/0    10:09   0:00   0:00 
Andrey Pedan             0  1  1  -1  0   1  4  0  0  1  0/0    18:17   2:08   3:11 
Brian Dumoulin           0  0  0  -1  0   1  1  3  0  2  0/0    25:11   3:49   4:30 
Charles Hudon            0  0  0  -1  0   1  2  0  0  0  0/0    10:36   0:00   0:00 
Corey Trivino            0  0  0  -1  0   2  4  1  2  0  6/8    18:49   2:31   2:17 
Danton Heinen            0  0  0   0  0   0  0  0  0  0  0/0     0:14   0:11   0:00 
David Pastrnak           0  0  0  -1  2   4  1  0  0  1  1/1    10:35   0:00   0:00 
Dominic Turgeon          0  0  0   0  0   0  0  0  0  0  0/0     0:00   0:00   0:00 
Jack Glover              0  0  0   0  0   0  0  0  0  0  0/0     6:23   0:00   0:00 
Jamie Devane             0  0  0   0  0   0  0  0  0  0  0/0     1:10   0:00   1:10 
Jiri Sekac               0  0  0  -1  0   2  1  1  0  0  0/0    16:31   2:31   0:00 
Jordan Szwarz            0  2  2   1  6   3  2  0  1  0  3/4    16:50   3:15   0:30 
Lars Eller               0  0  0   1  0   2  0  0  1  0  12/24  20:34   3:26   3:58 
Matt Lindblad            0  0  0   0  0   0  0  0  0  0  0/0     2:17   0:00   2:16 
Nick Spaling             1  0  1   1  0   5  1  1  1  2  3/6    20:56   3:26   4:20 
Peter Holland            0  0  0  -1  0   1  1  0  0  0  0/1    11:27   0:00   0:51 
Philip Larsen            0  0  0  -1  0   1  2  2  0  1  0/0    25:11   3:49   4:30 
Riley Nash               0  0  0   0  0   0  0  0  0  0  0/0     0:00   0:00   0:00 
Sergey Tolchinsky        1  0  1   2  0   1  1  0  1  0  0/0     8:35   0:00   0:00 
Stuart Percy             0  1  1   3  0   0  0  0  0  0  0/0    10:09   0:00   0:00 
Ty Rattie                1  0  1   2  0   1  0  0  0  0  0/0     8:35   0:00   0:00 
Tyler Lewington          0  0  0   0  0   1  0  0  0  0  0/0     6:23   0:00   0:00 
Tyler Pitlick            0  0  0  -1  0   2  1  2  4  0  1/1    16:31   2:31   0:00 

3 Stars

1 - Sergey Tolchinsky (Don)
2 - Adrian Kempe (Don)
3 - Tyler Bertuzzi (Pro)

Power Play

Punishers - 0 on 4 Attempt(s) - 0.00%
Diablos - 0 on 3 Attempt(s) - 0.00%

Penalty Kill

Punishers - 3 on 3 Attempt(s) - 100.00% - Score 0 goal in Penalty Kill
Diablos - 4 on 4 Attempt(s) - 100.00% - Score 0 goal in Penalty Kill

Team Stat

Punishers - Hits : 29 - Faceoff Wins : 22 - Blocked Shots : 10 - Penalty Minutes : 6
Diablos - Hits : 26 - Faceoff Wins : 29 - Blocked Shots : 10 - Penalty Minutes : 8

Official

Referees : Unknown
Linesman : Unknown

Game Notes

No Game Note

Finance

Level 1 -- Attendance: 2000 (100.00%) -- Ticket Income $28,000
Level 2 -- Attendance: 1000 (100.00%) -- Ticket Income $5,000
Total Attendance: 3000 (100.00%)
Total Ticket Income: $33,000
Other Income: $1,650
Total Income: $34,650

Punishers

5 vs 5 Forward 
   Center                   Left Wing                Right Wing               Time % Phy DF OF 
 1 Zack Hamill              Robbie Earl              Miikka Salomaki          40     1   2  2  
 2 Elias Lindholm           Andreas Athanasiou       Carter Ashton            30     1   2  2  
 3 Radek Faksa              Tyler Bertuzzi           Austen Brassard          20     1   2  2  
 4 John Quenneville         Nikita Gusev             Michael Joly             10     1   2  2  

5 vs 5 Defense 
   Defense                  Defense                                           Time % Phy DF OF 
 1 Keith Yandle             Slava Voynov                                      40     1   2  2  
 2 Madison Bowey            Brett Kulak                                       30     1   2  2  
 3 Ben Betker               Keith Yandle                                      20     1   2  2  
 4 Slava Voynov             Madison Bowey                                     10     1   2  2  

PowerPlay Forward 
   Center                   Left Wing                Right Wing               Time % Phy DF OF 
 1 Zack Hamill              Robbie Earl              Miikka Salomaki          60     1   2  2  
 2 Elias Lindholm           Andreas Athanasiou       Carter Ashton            40     1   2  2  

PowerPlay Defense
   Defense                  Defense                                           Time % Phy DF OF 
 1 Keith Yandle             Slava Voynov                                      60     1   2  2  
 2 Madison Bowey            Brett Kulak                                       40     1   2  2  

Penalty Kill 4 Players Forward 
   Center                   Wing                     Time % Phy DF OF 
 1 Zack Hamill              Robbie Earl              60     1   2  2  
 2 Miikka Salomaki          Andreas Athanasiou       40     1   2  2  

Penalty Kill 4 Players Defense
   Defense                  Defense                  Time % Phy DF OF 
 1 Keith Yandle             Slava Voynov             60     1   2  2  
 2 Madison Bowey            Brett Kulak              40     1   2  2  

Penalty Kill - 3 Players Forward 
   Forward                                           Time % Phy DF OF 
 1 Zack Hamill                                       60     1   2  2  
 2 Robbie Earl                                       40     1   2  2  

Penalty Kill - 3 Players Defense
   Defense                  Defense                  Time % Phy DF OF 
 1 Keith Yandle             Slava Voynov             60     1   2  2  
 2 Madison Bowey            Brett Kulak              40     1   2  2  

4 vs 4 Forward 
   Center                   Wing                     Time % Phy DF OF 
 1 Zack Hamill              Robbie Earl              60     1   2  2  
 2 Miikka Salomaki          Andreas Athanasiou       40     1   2  2  

4 vs 4 Defense
   Defense                  Defense                  Time % Phy DF OF 
 1 Keith Yandle             Slava Voynov             60     1   2  2  
 2 Madison Bowey            Brett Kulak              40     1   2  2  

Last Minutes Offensive
   Center                   Left Wing                Right Wing               Defense                  Defense                  
   Zack Hamill              Robbie Earl              Miikka Salomaki          Keith Yandle             Slava Voynov             

Last Minutes Defensive
   Center                   Left Wing                Right Wing               Defense                  Defense                  
   Zack Hamill              Robbie Earl              Miikka Salomaki          Keith Yandle             Slava Voynov             

Goaltenders
Starting : Louis Domingue           
Backup : Daniel Altshuller        

Extra Forwards
Normal : Anton Blidh, Radek Faksa, Tyler Bertuzzi - PP : Anton Blidh, Radek Faksa - PK : Tyler Bertuzzi
Extra Defensemen
Normal : Ben Betker, Brett Kulak, Keith Yandle - PP : Ben Betker - PK : Brett Kulak, Keith Yandle
Penalty Shots
Zack Hamill, Robbie Earl, Miikka Salomaki, Andreas Athanasiou, Carter Ashton

Scratches
John Macfarland (Healthy), Samuel Morin (Healthy), Daniel Audette (Healthy), Alex Schoenborn (Healthy), Ivan Nalimov (Healthy)

Diablos

5 vs 5 Forward 
   Center                   Left Wing                Right Wing               Time % Phy DF OF 
 1 Lars Eller               Nick Spaling             Jordan Szwarz            40     1   2  2  
 2 Corey Trivino            Jiri Sekac               Tyler Pitlick            30     1   2  2  
 3 Peter Holland            Charles Hudon            David Pastrnak           20     1   2  2  
 4 Adrian Kempe             Sergey Tolchinsky        Ty Rattie                10     1   2  2  

5 vs 5 Defense 
   Defense                  Defense                                           Time % Phy DF OF 
 1 Brian Dumoulin           Philip Larsen                                     40     1   2  2  
 2 Alex Petrovic            Andrey Pedan                                      30     1   2  2  
 3 Andrei Mironov           Stuart Percy                                      20     1   2  2  
 4 Tyler Lewington          Jack Glover                                       10     1   2  2  

PowerPlay Forward 
   Center                   Left Wing                Right Wing               Time % Phy DF OF 
 1 Lars Eller               Nick Spaling             Jordan Szwarz            60     1   2  2  
 2 Corey Trivino            Jiri Sekac               Tyler Pitlick            40     1   2  2  

PowerPlay Defense
   Defense                  Defense                                           Time % Phy DF OF 
 1 Brian Dumoulin           Philip Larsen                                     60     1   2  2  
 2 Alex Petrovic            Andrey Pedan                                      40     1   2  2  

Penalty Kill 4 Players Forward 
   Center                   Wing                     Time % Phy DF OF 
 1 Nick Spaling             Lars Eller               60     1   2  2  
 2 Jordan Szwarz            Corey Trivino            40     1   2  2  

Penalty Kill 4 Players Defense
   Defense                  Defense                  Time % Phy DF OF 
 1 Brian Dumoulin           Philip Larsen            60     1   2  2  
 2 Alex Petrovic            Andrey Pedan             40     1   2  2  

Penalty Kill - 3 Players Forward 
   Forward                                           Time % Phy DF OF 
 1 Nick Spaling                                      60     1   2  2  
 2 Lars Eller                                        40     1   2  2  

Penalty Kill - 3 Players Defense
   Defense                  Defense                  Time % Phy DF OF 
 1 Brian Dumoulin           Philip Larsen            60     1   2  2  
 2 Alex Petrovic            Andrey Pedan             40     1   2  2  

4 vs 4 Forward 
   Center                   Wing                     Time % Phy DF OF 
 1 Nick Spaling             Lars Eller               60     1   2  2  
 2 Jordan Szwarz            Corey Trivino            40     1   2  2  

4 vs 4 Defense
   Defense                  Defense                  Time % Phy DF OF 
 1 Brian Dumoulin           Philip Larsen            60     1   2  2  
 2 Alex Petrovic            Andrey Pedan             40     1   2  2  

Last Minutes Offensive
   Center                   Left Wing                Right Wing               Defense                  Defense                  
   Lars Eller               Nick Spaling             Jordan Szwarz            Brian Dumoulin           Philip Larsen            

Last Minutes Defensive
   Center                   Left Wing                Right Wing               Defense                  Defense                  
   Lars Eller               Nick Spaling             Jordan Szwarz            Brian Dumoulin           Philip Larsen            

Goaltenders
Starting : Kristers Gudlevskis      
Backup : Joni Ortio               

Extra Forwards
Normal : Danton Heinen, Riley Nash, Matt Lindblad - PP : Danton Heinen, Riley Nash - PK : Matt Lindblad
Extra Defensemen
Normal : Andrei Mironov, Stuart Percy, Tyler Lewington - PP : Andrei Mironov - PK : Stuart Percy, Tyler Lewington
Penalty Shots
Nick Spaling, Lars Eller, Jordan Szwarz, Corey Trivino, Tyler Pitlick

Scratches
Tobias Lindberg (Healthy), Anthony Camara (Healthy), Branden Troock (Healthy), Jakub Vrana (Bruised Left Foot Injury), Ryan MacInnis (Healthy)
Matt Tomkins (Healthy)

% Time on Ice - Punishers

Lines # - Real PCT - Wanted PCT - Time Play
Normal Forward
1 - 33% - 40% - 15:11
2 - 26% - 30% - 12:12
3 - 22% - 20% - 10:00
4 - 19% - 10% - 8:59
Normal Defense
1 - 33% - 40% - 15:24
2 - 35% - 30% - 16:09
3 - 21% - 20% - 9:31
4 - 11% - 10% - 5:18
PP Forward
1 - 54% - 60% - 4:07
2 - 46% - 40% - 3:34
PP Defense
1 - 53% - 60% - 4:06
2 - 47% - 40% - 3:35
PK Forward
1 - 68% - 60% - 4:04
2 - 32% - 40% - 1:53
PK Defense
1 - 60% - 60% - 3:34
2 - 40% - 40% - 2:23
PK3 Forward
1 - 0% - 60%
2 - 0% - 40%
PK3 Defense
1 - 0% - 60%
2 - 0% - 40%
44 Forward
1 - 0% - 60%
2 - 0% - 40%
44 Defense
1 - 0% - 60%
2 - 0% - 40%
Last Minute Offensive  - 0:00
Last Minute Defensive  - 0:00
Total
Forward - 60:00
Defense - 60:00

% Time on Ice - Diablos

Lines # - Real PCT - Wanted PCT - Time Play
Normal Forward
1 - 28% - 40% - 13:10
2 - 30% - 30% - 14:01
3 - 23% - 20% - 10:36
4 - 19% - 10% - 8:35
Normal Defense
1 - 36% - 40% - 16:52
2 - 28% - 30% - 12:58
3 - 22% - 20% - 10:09
4 - 14% - 10% - 6:23
PP Forward
1 - 58% - 60% - 3:26
2 - 42% - 40% - 2:31
PP Defense
1 - 64% - 60% - 3:49
2 - 36% - 40% - 2:08
PK Forward
1 - 70% - 60% - 5:24
2 - 30% - 40% - 2:17
PK Defense
1 - 59% - 60% - 4:30
2 - 41% - 40% - 3:11
PK3 Forward
1 - 0% - 60%
2 - 0% - 40%
PK3 Defense
1 - 0% - 60%
2 - 0% - 40%
44 Forward
1 - 0% - 60%
2 - 0% - 40%
44 Defense
1 - 0% - 60%
2 - 0% - 40%
Last Minute Offensive  - 0:00
Last Minute Defensive  - 0:00
Total
Forward - 60:00
Defense - 60:00

Play-by-Play

1st period


0:01 of 1st period - Robbie Earl wins face-off versus Lars Eller in neutral zone.
0:10 of 1st period - Slapshot by Nick Spaling.
0:10 of 1st period - Shot Misses the Net.
0:19 of 1st period - Minor Penalty to Keith Yandle for High sticking.
0:20 of 1st period - Zack Hamill wins face-off versus Lars Eller in Punishers zone.
0:20 of 1st period - Zack Hamill is hit by Philip Larsen.
0:41 of 1st period - Brett Kulak is hit by Brian Dumoulin and loses puck.
1:02 of 1st period - Slapshot by Brian Dumoulin.
1:02 of 1st period - Stopped by Louis Domingue without a rebound.
1:03 of 1st period - Tyler Pitlick wins face-off versus Zack Hamill in Punishers zone.
1:26 of 1st period - Jordan Szwarz is hit by Miikka Salomaki and loses puck.
1:33 of 1st period - Backhand shot by Miikka Salomaki.
1:33 of 1st period - Stopped by Kristers Gudlevskis with a rebound.
1:35 of 1st period - Slapshot by Slava Voynov.
1:35 of 1st period - Stopped by Kristers Gudlevskis without a rebound.
1:36 of 1st period - Miikka Salomaki wins face-off versus Lars Eller in Diablos zone.
2:06 of 1st period - Icing by Corey Trivino.
2:07 of 1st period - Corey Trivino wins face-off versus Miikka Salomaki in Diablos zone.
2:19 of 1st period - Penalty to Keith Yandle is over, Keith Yandle is back on ice.
2:30 of 1st period - Snap shot by Jiri Sekac.
2:30 of 1st period - Stopped by Louis Domingue with a rebound.
3:12 of 1st period - Wrist shot by Tyler Pitlick.
3:12 of 1st period - Shot Misses the Net.
3:36 of 1st period - Snap shot by Zack Hamill.
3:36 of 1st period - Shot Blocked by Brian Dumoulin.
3:38 of 1st period - Slapshot by Brett Kulak.
3:38 of 1st period - Shot Blocked by Brian Dumoulin.
3:40 of 1st period - Snap shot by Keith Yandle.
3:40 of 1st period - Shot Blocked by Jiri Sekac.
3:50 of 1st period - Snap shot by Robbie Earl.
3:50 of 1st period - Stopped by Kristers Gudlevskis with a rebound.
4:40 of 1st period - Wrist shot by Zack Hamill.
4:40 of 1st period - Deflect By Robbie Earl.
4:40 of 1st period - Stopped by Kristers Gudlevskis with a rebound.
4:42 of 1st period - Snap shot by Zack Hamill.
4:42 of 1st period - Shot Blocked by Philip Larsen.
4:48 of 1st period - Snap shot by Robbie Earl.
4:48 of 1st period - Shot Misses the Net.
4:50 of 1st period - Slapshot by Brett Kulak.
4:50 of 1st period - Stopped by Kristers Gudlevskis with a rebound.
4:52 of 1st period - Wrist shot by Zack Hamill.
4:52 of 1st period - Shot Blocked by Philip Larsen.
5:02 of 1st period - Snap shot by Robbie Earl.
5:02 of 1st period - Stopped by Kristers Gudlevskis with a rebound.
5:32 of 1st period - Wrist shot by Keith Yandle.
5:32 of 1st period - Stopped by Kristers Gudlevskis with a rebound.
5:34 of 1st period - Snap shot by Robbie Earl.
5:34 of 1st period - Stopped by Kristers Gudlevskis with a rebound.
5:36 of 1st period - Snap shot by Robbie Earl.
5:36 of 1st period - Stopped by Kristers Gudlevskis without a rebound.
5:37 of 1st period - Jordan Szwarz wins face-off versus Elias Lindholm in Diablos zone.
5:48 of 1st period - Wrist shot by Lars Eller.
5:48 of 1st period - Deflect By Nick Spaling.
5:48 of 1st period - Stopped by Louis Domingue without a rebound.
5:49 of 1st period - Lars Eller wins face-off versus Andreas Athanasiou in Punishers zone.
5:56 of 1st period - Slapshot by Nick Spaling.
5:56 of 1st period - Shot Misses the Net.
6:18 of 1st period - Alex Petrovic is hit by Tyler Bertuzzi and loses puck.
6:32 of 1st period - Off-side.
6:33 of 1st period - Adrian Kempe wins face-off versus John Quenneville in neutral zone.
6:37 of 1st period - Off-side.
6:38 of 1st period - John Quenneville wins face-off versus Adrian Kempe in neutral zone.
6:43 of 1st period - Wrist shot by Nikita Gusev.
6:43 of 1st period - Stopped by Kristers Gudlevskis without a rebound.
6:44 of 1st period - Elias Lindholm wins face-off versus Lars Eller in Diablos zone.
6:51 of 1st period - Slapshot by Jordan Szwarz.
6:51 of 1st period - Deflect By Lars Eller.
6:51 of 1st period - Shot Misses the Net.
6:51 of 1st period - Puck is out of play.
6:52 of 1st period - Lars Eller wins face-off versus Elias Lindholm in Punishers zone.
7:17 of 1st period - Slapshot by Slava Voynov.
7:17 of 1st period - Stopped by Kristers Gudlevskis with a rebound.
7:57 of 1st period - Ben Betker is hit by Andrey Pedan and loses puck.
8:36 of 1st period - Snap shot by David Pastrnak.
8:36 of 1st period - Stopped by Louis Domingue without a rebound.
8:37 of 1st period - Tyler Bertuzzi wins face-off versus Adrian Kempe in Punishers zone.
8:48 of 1st period - Adrian Kempe is hit by Tyler Bertuzzi.
8:52 of 1st period - Andrey Pedan is hit by Brett Kulak and loses puck.
9:50 of 1st period - Snap shot by Tyler Bertuzzi.
9:50 of 1st period - Shot Misses the Net.
10:06 of 1st period - Madison Bowey is hit by Jordan Szwarz and loses puck.
10:15 of 1st period - Slava Voynov is hit by Andrei Mironov and loses puck.
10:37 of 1st period - Off-side.
10:38 of 1st period - Radek Faksa wins face-off versus Corey Trivino in neutral zone.
10:43 of 1st period - Snap shot by Radek Faksa.
10:43 of 1st period - Stopped by Kristers Gudlevskis with a rebound.
10:45 of 1st period - Slapshot by Ben Betker.
10:45 of 1st period - Deflect By Tyler Pitlick.
10:45 of 1st period - Stopped by Kristers Gudlevskis with a rebound.
10:47 of 1st period - Wrist shot by Tyler Bertuzzi.
10:47 of 1st period - Stopped by Kristers Gudlevskis without a rebound.
10:48 of 1st period - Corey Trivino wins face-off versus Radek Faksa in Diablos zone.
11:34 of 1st period - Wrist shot by Tyler Bertuzzi.
11:34 of 1st period - Shot Blocked by Tyler Pitlick.
11:38 of 1st period - Snap shot by Tyler Bertuzzi.
11:38 of 1st period - Stopped by Kristers Gudlevskis without a rebound.
11:39 of 1st period - Lars Eller wins face-off versus Elias Lindholm in Diablos zone.
11:44 of 1st period - Wrist shot by Nick Spaling.
11:44 of 1st period - Shot Blocked by Madison Bowey.
11:50 of 1st period - Wrist shot by Nick Spaling.
11:50 of 1st period - Stopped by Louis Domingue with a rebound.
11:52 of 1st period - Slapshot by Philip Larsen.
11:52 of 1st period - Stopped by Louis Domingue without a rebound.
11:53 of 1st period - Nick Spaling wins face-off versus Elias Lindholm in Punishers zone.
12:08 of 1st period - Wrist shot by Lars Eller.
12:08 of 1st period - Stopped by Louis Domingue with a rebound.
12:23 of 1st period - Slapshot by David Pastrnak.
12:23 of 1st period - Stopped by Louis Domingue with a rebound.
12:25 of 1st period - Wrist shot by Tyler Lewington.
12:25 of 1st period - Stopped by Louis Domingue with a rebound.
12:38 of 1st period - Icing by Nikita Gusev.
12:39 of 1st period - Adrian Kempe wins face-off versus John Quenneville in Punishers zone.
12:46 of 1st period - Snap shot by Adrian Kempe.
12:46 of 1st period - Shot Misses the Net.
13:32 of 1st period - Slapshot by Peter Holland.
13:32 of 1st period - Shot Blocked by Keith Yandle.
14:11 of 1st period - Snap shot by Carter Ashton.
14:11 of 1st period - Shot Misses the Net.
14:13 of 1st period - Slapshot by Keith Yandle.
14:13 of 1st period - Deflect By Carter Ashton.
14:13 of 1st period - Shot Misses the Net.
14:13 of 1st period - Puck is out of play.
14:14 of 1st period - Jordan Szwarz wins face-off versus Zack Hamill in Diablos zone.
14:16 of 1st period - Icing by Nick Spaling.
14:17 of 1st period - Zack Hamill wins face-off versus Jordan Szwarz in Diablos zone.
14:28 of 1st period - Snap shot by Miikka Salomaki.
14:28 of 1st period - Shot Misses the Net.
15:02 of 1st period - Jiri Sekac is hit by Austen Brassard and loses puck.
15:12 of 1st period - Slapshot by Tyler Pitlick.
15:12 of 1st period - Stopped by Louis Domingue with a rebound.
15:22 of 1st period - Madison Bowey is hit by Sergey Tolchinsky and loses puck.
15:31 of 1st period - Snap shot by Adrian Kempe.
15:31 of 1st period - Stopped by Louis Domingue with a rebound.
15:41 of 1st period - Snap shot by Jordan Szwarz.
15:41 of 1st period - Stopped by Louis Domingue without a rebound.
15:42 of 1st period - Zack Hamill wins face-off versus Lars Eller in Punishers zone.
16:20 of 1st period - Snap shot by Carter Ashton.
16:20 of 1st period - Shot Misses the Net.
17:04 of 1st period - Wrist shot by John Quenneville.
17:04 of 1st period - Shot Blocked by Nick Spaling.
17:06 of 1st period - Snap shot by Michael Joly.
17:06 of 1st period - Stopped by Kristers Gudlevskis with a rebound.
17:16 of 1st period - Wrist shot by Jordan Szwarz.
17:16 of 1st period - Stopped by Louis Domingue with a rebound.
18:59 of 1st period - Carter Ashton is hit by Corey Trivino and loses puck.
19:12 of 1st period - Tyler Lewington is hit by Andreas Athanasiou.
19:46 of 1st period - Snap shot by Zack Hamill.
19:46 of 1st period - Shot Misses the Net.
19:48 of 1st period - Slapshot by Zack Hamill.
19:48 of 1st period - Goal by Zack Hamill - Punishers : 1 - Diablos : 0.
19:49 of 1st period - Zack Hamill wins face-off versus Lars Eller in neutral zone.
19:54 of 1st period - Andrey Pedan is hit by Miikka Salomaki and loses puck.
Goals for this period are 1 for Punishers vs 0 for Diablos .
Shots for this period are 17 for Punishers vs 13 for Diablos .

2nd period


0:01 of 2nd period - Lars Eller wins face-off versus Elias Lindholm in neutral zone.
0:47 of 2nd period - Keith Yandle is hit by Andrey Pedan.
0:51 of 2nd period - Slava Voynov is hit by Andrey Pedan and loses puck.
1:04 of 2nd period - Slapshot by Slava Voynov.
1:04 of 2nd period - Stopped by Kristers Gudlevskis with a rebound.
1:32 of 2nd period - Snap shot by Jordan Szwarz.
1:32 of 2nd period - Deflect By Nick Spaling.
1:32 of 2nd period - Stopped by Louis Domingue with a rebound.
1:34 of 2nd period - Slapshot by Stuart Percy.
1:34 of 2nd period - Deflect By Nick Spaling.
1:34 of 2nd period - Goal by Nick Spaling - Punishers : 1 - Diablos : 1.
1:35 of 2nd period - Elias Lindholm wins face-off versus Lars Eller in neutral zone.
1:41 of 2nd period - Minor Penalty to Jordan Szwarz for Tripping.
1:42 of 2nd period - Nick Spaling wins face-off versus Zack Hamill in Diablos zone.
1:42 of 2nd period - Nick Spaling is hit by Keith Yandle.
2:15 of 2nd period - Snap shot by Carter Ashton.
2:15 of 2nd period - Shot Misses the Net.
2:17 of 2nd period - Slapshot by Keith Yandle.
2:17 of 2nd period - Shot Misses the Net.
3:01 of 2nd period - Brian Dumoulin is hit by Carter Ashton.
3:41 of 2nd period - Penalty to Jordan Szwarz is over, Jordan Szwarz is back on ice.
4:11 of 2nd period - Icing by Alex Petrovic.
4:12 of 2nd period - Adrian Kempe wins face-off versus John Quenneville in Diablos zone.
5:25 of 2nd period - Wrist shot by Nikita Gusev.
5:25 of 2nd period - Deflect By John Quenneville.
5:25 of 2nd period - Shot Misses the Net.
5:25 of 2nd period - Puck is out of play.
5:26 of 2nd period - Lars Eller wins face-off versus Zack Hamill in Diablos zone.
6:10 of 2nd period - Snap shot by David Pastrnak.
6:10 of 2nd period - Shot Misses the Net.
6:16 of 2nd period - David Pastrnak is hit by Madison Bowey and loses puck.
6:41 of 2nd period - Snap shot by Nick Spaling.
6:41 of 2nd period - Shot Blocked by Madison Bowey.
6:43 of 2nd period - Wrist shot by Nick Spaling.
6:43 of 2nd period - Shot Misses the Net.
6:55 of 2nd period - Elias Lindholm is hit by Tyler Pitlick.
8:19 of 2nd period - Michael Joly is hit by Jordan Szwarz and loses puck.
8:59 of 2nd period - Andrey Pedan is hit by Andreas Athanasiou and loses puck.
9:03 of 2nd period - Icing by Lars Eller.
9:04 of 2nd period - Radek Faksa wins face-off versus Lars Eller in Diablos zone.
9:11 of 2nd period - Radek Faksa is hit by Alex Petrovic and loses puck.
9:28 of 2nd period - Philip Larsen is hit by Carter Ashton and loses puck.
10:04 of 2nd period - Snap shot by Adrian Kempe.
10:04 of 2nd period - Deflect By Sergey Tolchinsky.
10:04 of 2nd period - Goal by Sergey Tolchinsky - Punishers : 1 - Diablos : 2.
10:05 of 2nd period - Zack Hamill wins face-off versus Lars Eller in neutral zone.
10:10 of 2nd period - Slapshot by Zack Hamill.
10:10 of 2nd period - Shot Misses the Net.
10:30 of 2nd period - Nick Spaling is hit by Austen Brassard and loses puck.
10:36 of 2nd period - Off-side.
10:37 of 2nd period - Corey Trivino wins face-off versus Radek Faksa in neutral zone.
10:41 of 2nd period - Alex Petrovic is hit by Brett Kulak.
10:57 of 2nd period - Wrist shot by Radek Faksa.
10:57 of 2nd period - Stopped by Kristers Gudlevskis with a rebound.
10:59 of 2nd period - Wrist shot by Tyler Bertuzzi.
10:59 of 2nd period - Goal by Tyler Bertuzzi - Punishers : 2 - Diablos : 2.
11:00 of 2nd period - Lars Eller wins face-off versus Zack Hamill in neutral zone.
11:24 of 2nd period - Minor Penalty to Andreas Athanasiou for Holding.
11:25 of 2nd period - Zack Hamill wins face-off versus Lars Eller in Punishers zone.
11:35 of 2nd period - Snap shot by Lars Eller.
11:35 of 2nd period - Deflect By Slava Voynov.
11:35 of 2nd period - Shot Misses the Net.
11:35 of 2nd period - Puck is out of play.
11:36 of 2nd period - Lars Eller wins face-off versus Zack Hamill in Punishers zone.
12:09 of 2nd period - Snap shot by Tyler Pitlick.
12:09 of 2nd period - Shot Misses the Net.
12:11 of 2nd period - Wrist shot by Tyler Pitlick.
12:11 of 2nd period - Stopped by Louis Domingue without a rebound.
12:12 of 2nd period - Lars Eller wins face-off versus Zack Hamill in Punishers zone.
12:23 of 2nd period - Snap shot by Jordan Szwarz.
12:23 of 2nd period - Deflect By Nick Spaling.
12:23 of 2nd period - Stopped by Louis Domingue with a rebound.
12:25 of 2nd period - Snap shot by Alex Petrovic.
12:25 of 2nd period - Stopped by Louis Domingue with a rebound.
12:27 of 2nd period - Slapshot by Andrey Pedan.
12:27 of 2nd period - Stopped by Louis Domingue with a rebound.
12:37 of 2nd period - Robbie Earl is hit by Corey Trivino and loses puck.
12:46 of 2nd period - Wrist shot by Tyler Pitlick.
12:46 of 2nd period - Shot Blocked by Madison Bowey.
13:24 of 2nd period - Penalty to Andreas Athanasiou is over, Andreas Athanasiou is back on ice.
13:52 of 2nd period - Keith Yandle is hit by Adrian Kempe and loses puck.
14:05 of 2nd period - Adrian Kempe is hit by Slava Voynov and loses puck.
14:37 of 2nd period - Alex Petrovic is hit by Brett Kulak and loses puck.
15:36 of 2nd period - Icing by Brian Dumoulin.
15:37 of 2nd period - Lars Eller wins face-off versus Radek Faksa in Diablos zone.
15:37 of 2nd period - Lars Eller is hit by Tyler Bertuzzi.
16:51 of 2nd period - Nikita Gusev is hit by Philip Larsen.
17:47 of 2nd period - Snap shot by Peter Holland.
17:47 of 2nd period - Stopped by Louis Domingue with a rebound.
17:49 of 2nd period - Snap shot by Charles Hudon.
17:49 of 2nd period - Stopped by Louis Domingue with a rebound.
17:51 of 2nd period - Slapshot by Philip Larsen.
17:51 of 2nd period - Shot Blocked by Andreas Athanasiou.
18:03 of 2nd period - Nick Spaling is hit by Brett Kulak and loses puck.
18:25 of 2nd period - Backhand shot by Corey Trivino.
18:25 of 2nd period - Stopped by Louis Domingue with a rebound.
18:27 of 2nd period - Slapshot by Jiri Sekac.
18:27 of 2nd period - Stopped by Louis Domingue with a rebound.
18:29 of 2nd period - Snap shot by Corey Trivino.
18:29 of 2nd period - Stopped by Louis Domingue with a rebound.
18:43 of 2nd period - Andrey Pedan is hit by Andreas Athanasiou and loses puck.
18:52 of 2nd period - Snap shot by Ty Rattie.
18:52 of 2nd period - Goal by Ty Rattie - Punishers : 2 - Diablos : 3.
18:53 of 2nd period - Zack Hamill wins face-off versus Nick Spaling in neutral zone.
18:58 of 2nd period - Slapshot by Jordan Szwarz.
18:58 of 2nd period - Stopped by Louis Domingue without a rebound.
18:59 of 2nd period - Jordan Szwarz wins face-off versus Zack Hamill in Punishers zone.
19:48 of 2nd period - Snap shot by John Quenneville.
19:48 of 2nd period - Shot Blocked by Corey Trivino.
19:52 of 2nd period - Slapshot by Nikita Gusev.
19:52 of 2nd period - Shot Blocked by Tyler Pitlick.
19:54 of 2nd period - Snap shot by Nikita Gusev.
19:54 of 2nd period - Shot Misses the Net.
19:56 of 2nd period - Wrist shot by Nikita Gusev.
19:56 of 2nd period - Shot Misses the Net.
19:58 of 2nd period - Wrist shot by Michael Joly.
19:58 of 2nd period - Shot Blocked by Brian Dumoulin.
Goals for this period are 1 for Punishers vs 3 for Diablos .
Shots for this period are 3 for Punishers vs 14 for Diablos .

3rd period


0:01 of 3rd period - Lars Eller wins face-off versus Robbie Earl in neutral zone.
0:13 of 3rd period - Off-side.
0:14 of 3rd period - Lars Eller wins face-off versus Zack Hamill in neutral zone.
0:45 of 3rd period - Keith Yandle is hit by Corey Trivino and loses puck.
1:18 of 3rd period - Corey Trivino is hit by Nikita Gusev.
1:38 of 3rd period - Snap shot by Lars Eller.
1:38 of 3rd period - Shot Misses the Net.
2:23 of 3rd period - Snap shot by Ty Rattie.
2:23 of 3rd period - Shot Blocked by Keith Yandle.
2:29 of 3rd period - Stuart Percy is hit by Elias Lindholm and loses puck.
2:42 of 3rd period - Keith Yandle is hit by Andrei Mironov and loses puck.
3:39 of 3rd period - Elias Lindholm is hit by Andrey Pedan and loses puck.
3:44 of 3rd period - Slapshot by David Pastrnak.
3:44 of 3rd period - Shot Blocked by Ben Betker.
3:58 of 3rd period - Alex Petrovic is hit by Nikita Gusev and loses puck.
4:40 of 3rd period - Zack Hamill is hit by Charles Hudon and loses puck.
4:49 of 3rd period - Robbie Earl is hit by Charles Hudon and loses puck.
5:04 of 3rd period - Slapshot by Philip Larsen.
5:04 of 3rd period - Shot Misses the Net.
5:10 of 3rd period - Adrian Kempe is hit by Andreas Athanasiou and loses puck.
5:23 of 3rd period - John Quenneville is hit by Corey Trivino.
5:39 of 3rd period - Icing by Carter Ashton.
5:40 of 3rd period - Elias Lindholm wins face-off versus Lars Eller in Punishers zone.
5:48 of 3rd period - Minor Penalty to Jordan Szwarz for Cross-checking.
5:49 of 3rd period - Nick Spaling wins face-off versus Zack Hamill in Diablos zone.
6:20 of 3rd period - Wrist shot by Elias Lindholm.
6:20 of 3rd period - Stopped by Kristers Gudlevskis with a rebound.
7:48 of 3rd period - Penalty to Jordan Szwarz is over, Jordan Szwarz is back on ice.
7:54 of 3rd period - Brett Kulak is hit by David Pastrnak and loses puck.
8:01 of 3rd period - Wrist shot by Peter Holland.
8:01 of 3rd period - Shot Blocked by Andreas Athanasiou.
8:03 of 3rd period - Slapshot by Andrey Pedan.
8:03 of 3rd period - Deflect By Peter Holland.
8:03 of 3rd period - Shot Misses the Net.
8:03 of 3rd period - Puck is out of play.
8:04 of 3rd period - Radek Faksa wins face-off versus Corey Trivino in Punishers zone.
8:12 of 3rd period - Snap shot by Radek Faksa.
8:12 of 3rd period - Shot Hit the Post.
8:14 of 3rd period - Snap shot by Austen Brassard.
8:14 of 3rd period - Stopped by Kristers Gudlevskis without a rebound.
8:15 of 3rd period - Corey Trivino wins face-off versus Radek Faksa in Diablos zone.
8:15 of 3rd period - Corey Trivino is hit by Ben Betker.
8:43 of 3rd period - Snap shot by Lars Eller.
8:43 of 3rd period - Stopped by Louis Domingue without a rebound.
8:44 of 3rd period - Lars Eller wins face-off versus Zack Hamill in Punishers zone.
8:47 of 3rd period - Slapshot by Jordan Szwarz.
8:47 of 3rd period - Shot Misses the Net.
9:04 of 3rd period - Minor Penalty to Jordan Szwarz for Roughing.
9:05 of 3rd period - Zack Hamill wins face-off versus Nick Spaling in Diablos zone.
9:05 of 3rd period - Wrist shot by Robbie Earl.
9:05 of 3rd period - Shot Misses the Net.
10:08 of 3rd period - Alex Petrovic is hit by Carter Ashton and loses puck.
10:45 of 3rd period - Nick Spaling is hit by Miikka Salomaki and loses puck.
11:04 of 3rd period - Penalty to Jordan Szwarz is over, Jordan Szwarz is back on ice.
11:12 of 3rd period - Wrist shot by David Pastrnak.
11:12 of 3rd period - Shot Misses the Net.
11:21 of 3rd period - Off-side.
11:22 of 3rd period - Radek Faksa wins face-off versus Adrian Kempe in neutral zone.
11:45 of 3rd period - Keith Yandle is hit by Peter Holland and loses puck.
11:54 of 3rd period - Wrist shot by David Pastrnak.
11:54 of 3rd period - Stopped by Louis Domingue with a rebound.
12:34 of 3rd period - Slapshot by Adrian Kempe.
12:34 of 3rd period - Stopped by Louis Domingue with a rebound.
12:36 of 3rd period - Snap shot by Sergey Tolchinsky.
12:36 of 3rd period - Shot Misses the Net.
12:48 of 3rd period - Brian Dumoulin is hit by Tyler Bertuzzi and loses puck.
13:07 of 3rd period - Andreas Athanasiou is hit by Jiri Sekac.
13:11 of 3rd period - Corey Trivino is hit by Robbie Earl and loses puck.
13:18 of 3rd period - Slapshot by Tyler Pitlick.
13:18 of 3rd period - Shot Blocked by Nikita Gusev.
13:20 of 3rd period - Slapshot by Stuart Percy.
13:20 of 3rd period - Shot Blocked by Ben Betker.
14:29 of 3rd period - Minor Penalty to Madison Bowey for Roughing.
14:30 of 3rd period - Zack Hamill wins face-off versus Lars Eller in Punishers zone.
16:29 of 3rd period - Penalty to Madison Bowey is over, Madison Bowey is back on ice.
16:40 of 3rd period - Snap shot by Carter Ashton.
16:40 of 3rd period - Stopped by Kristers Gudlevskis without a rebound.
16:41 of 3rd period - David Pastrnak wins face-off versus Elias Lindholm in Diablos zone.
16:46 of 3rd period - Andreas Athanasiou is hit by Andrei Mironov and loses puck.
17:03 of 3rd period - Slapshot by David Pastrnak.
17:03 of 3rd period - Stopped by Louis Domingue without a rebound.
17:04 of 3rd period - Corey Trivino wins face-off versus Radek Faksa in Punishers zone.
17:11 of 3rd period - Snap shot by Corey Trivino.
17:11 of 3rd period - Deflect By Jiri Sekac.
17:11 of 3rd period - Shot Misses the Net.
17:11 of 3rd period - Puck is out of play.
17:12 of 3rd period - Corey Trivino wins face-off versus Radek Faksa in Punishers zone.
17:40 of 3rd period - Wrist shot by Radek Faksa.
17:40 of 3rd period - Stopped by Kristers Gudlevskis without a rebound.
17:41 of 3rd period - Zack Hamill wins face-off versus Peter Holland in Diablos zone.
18:15 of 3rd period - Minor Penalty to David Pastrnak for Tripping.
18:16 of 3rd period - Zack Hamill wins face-off versus Nick Spaling in Diablos zone.
18:52 of 3rd period - Punishers, Louis Domingue is pulled from the net.
19:02 of 3rd period - Keith Yandle is hit by Nick Spaling and loses puck.
19:39 of 3rd period - Philip Larsen is hit by Zack Hamill.
Goals for this period are 0 for Punishers vs 0 for Diablos .
Shots for this period are 4 for Punishers vs 4 for Diablos .